Map: Dusty Gorge

Players

Adversity - Winner!

  • Race: Terran Terran
  • Spawn Location: 9:00

blueDECK - Winner!

  • Race: Terran Terran
  • League: Diamond
  • Spawn Location: 11:00

Darling

  • Race: Zerg Zerg
  • League: Master
  • Spawn Location: 3:00

Starlight

  • Race: Zerg Zerg
  • Spawn Location: 5:00

VOD

Have the link to the VOD?

Description

Time

  • Played on: Oct. 11, 2018, 10:43 a.m.
  • Length: 6:39
Show
View Real Time Build Order
Export as new Build Order

Adversity Terran - Winner!

Build Orders:  

Get SALT Encoding   

  12  0:02  SCV  
  13  0:14  SCV  
  13  0:20  Supply Depot  
  14  0:26  SCV  
  15  0:32  Refinery  
  15  0:41  SCV  
  16  0:46  Barracks  
  16  0:53  SCV  
  17  1:06  Barracks  
  17  1:18  Barracks  
  17  1:22  SCV  
  18  1:34  Reaper  
  19  1:41  Orbital Command  
  19  1:48  Refinery  
  19  1:53  Reaper  
  20  2:01  Supply Depot  
  20  2:06  Reaper  
  21  2:13  Reaper  
  22  2:24  Barracks  
  22  2:28  Reaper  
  23  2:39  Barracks  
  23  2:41  Reaper  
  24  2:44  SCV  
  24  2:50  Reaper  
  26  2:56  Supply Depot  
  26  3:01  Reaper  
  26  3:04  SCV  
  28  3:13  Reaper  
  28  3:19  Reaper  
  30  3:22  Supply Depot  
  30  3:26  Reaper  
  31  3:34  Reaper  
  30  3:35  Reaper  
  30  3:49  Reaper  
  16  4:03  Reaper  
  14  4:17  Reaper  
  14  4:28  Reaper  
  15  4:31  SCV  
  15  4:35  Reaper  
  17  4:39  Reaper  
  17  4:43  SCV  
  19  4:48  Reaper  
  20  4:56  SCV  
  20  4:58  Reaper  
  22  5:11  Reaper  
  21  5:16  SCV  
  21  5:17  Reaper  
  25  5:28  Reaper, SCV  
  25  5:36  Reaper  
  25  5:46  Reaper  
  25  5:49  SCV  
  27  5:59  Supply Depot  
Show
View Real Time Build Order
Export as new Build Order

blueDECK Terran - Winner!

Build Orders: Cyclone Opening 

Get SALT Encoding   

  12  0:01  SCV  
  13  0:13  SCV  
  14  0:25  SCV  
  15  0:32  Supply Depot  
  15  0:35  Refinery  
  15  0:54  SCV  
  15  0:55  Barracks  
  16  0:59  Refinery  
  16  1:06  SCV  
  17  1:18  SCV  
  18  1:30  SCV  
  19  1:43  Supply Depot, Orbital Command  
  19  1:49  Factory  
  19  1:56  Barracks Reactor  
  19  2:09  SCV  
  20  2:21  SCV  
  21  2:33  SCV  
  22  2:42  Cyclone  
  22  2:43  Cyclone  
  28  2:45  SCV  
  29  2:59  SCV  
  29  3:01  Command Center  
  30  3:13  Supply Depot  
  30  3:20  Supply Depot  
  30  3:35  Cyclone  
  27  3:43  Cyclone  
  27  3:48  SCV  
  31  3:53  Factory  
  31  4:04  SCV  
  31  4:07  Cyclone  
  31  4:08  Supply Depot  
  35  4:30  Supply Depot  
  35  4:45  Factory Tech Lab  
  35  4:47  Cyclone x2  
  35  4:50  Orbital Command  
  35  4:51  SCV  
  33  5:21  Siege Tank  
  33  5:22  Hellion x2  
  33  5:27  SCV x2  
  42  5:36  Armory  
  42  5:37  Armory  
  42  5:39  SCV  
  43  5:45  Hellion x2  
  47  5:53  Siege Tank  
  47  5:55  SCV x2  
  52  5:57  Refinery  
  52  6:00  Refinery  
  53  6:11  SCV x2  
  53  6:12  Hellion x2  
  58  6:23  SCV x2  
Show
View Real Time Build Order
Export as new Build Order

Darling Zerg 

Build Orders: Pool First, Ravager All-In 

Get SALT Encoding   

  12  0:01  Drone  
  13  0:09  Drone  
  14  0:29  Spawning Pool  
  14  0:31  Drone  
  14  0:39  Overlord  
  14  0:56  Drone, Extractor  
  14  0:58  Drone x2  
  14  1:01  Extractor  
  15  1:09  Drone  
  16  1:17  Roach Warren  
  15  1:19  Drone  
  16  1:31  Queen  
  18  1:43  Overlord  
  18  1:57  Roach  
  18  1:59  Roach  
  22  2:11  Roach  
  24  2:27  Roach x2  
  28  2:34  Overlord  
  28  2:47  Roach  
  30  2:54  Ravager x2  
  30  2:55  Ravager x2  
  34  3:04  Ravager  
  35  3:12  Drone  
  36  3:19  Drone x2  
  38  3:21  Overlord  
  32  3:54  Roach x2  
  33  3:56  Drone x2  
  27  4:04  Drone x2  
  29  4:21  Hatchery  
  29  4:24  Metabolic Boost  
  28  4:29  Ravager x2  
  30  4:37  Zergling x2  
  30  4:38  Zergling x6  
  34  4:52  Zergling x2  
  35  4:53  Zergling x4  
  35  4:56  Queen  
  39  5:05  Zergling x2  
  37  5:09  Zergling x2  
  37  5:18  Drone  
  37  5:19  Drone x2  
  39  5:32  Queen  
  39  5:35  Zergling x4  
  43  5:42  Zergling x2  
  44  5:43  Zergling x4  
  46  5:53  Roach x2  
  50  5:59  Overlord  
  50  6:02  Zergling x2  
  51  6:09  Zergling x2  
  51  6:10  Overlord  
  50  6:19  Roach x2  
  41  6:31  Ravager x2  
Show
View Real Time Build Order
Export as new Build Order

Starlight Zerg 

Build Orders: Pool First, Ravager All-In 

Get SALT Encoding   

  12  0:02  Drone  
  13  0:09  Drone  
  14  0:28  Spawning Pool  
  14  0:31  Drone  
  14  0:39  Overlord  
  14  0:42  Extractor  
  14  0:45  Drone  
  14  0:48  Extractor  
  13  0:51  Drone  
  14  0:58  Drone  
  15  1:08  Drone  
  16  1:16  Queen  
  18  1:28  Drone x2  
  20  1:38  Drone  
  21  1:45  Roach Warren  
  20  1:51  Drone  
  21  1:58  Overlord  
  21  2:09  Overlord  
  21  2:26  Roach  
  21  2:27  Roach x2  
  27  2:31  Roach  
  29  2:38  Roach  
  31  2:47  Ravager  
  31  2:48  Ravager x2  
  31  2:50  Drone  
  35  2:52  Ravager  
  36  2:59  Ravager  
  37  3:18  Hatchery  
  36  3:43  Lair  
  27  4:14  Roach x4  
  27  4:15  Roach x2  
  33  4:29  Drone  
  33  4:31  Queen  
  34  4:36  Ravager x4  
  40  4:39  Drone  
  41  4:48  Overlord  
  41  4:57  Overlord  
  38  5:18  Ravager x2  
  38  5:20  Drone  
  38  5:21  Drone x3  
  44  5:22  Drone x3  
  47  5:28  Spore Crawler  
  46  5:37  Drone  
  32  5:54  Drone  
  33  5:58  Spore Crawler  
  33  6:00  Zergling x8  
  33  6:01  Zergling x4  
  29  6:18  Zergling x2  
Tags
 
Add a new tag
Caveats
  • Supply blocks, unpowered buildings, or Contaminate may cause inaccurate times.
  • Supply counts are checked every 10 seconds.